 Dungeon Crawl Stone Soup version 0.22-b1-59-g0aedee7 (webtiles) character file.

72 Lilu the Conjurer (level 4, -5/24 HPs)
             Began as a Deep Elf Conjurer on Aug 9, 2018.
             Killed from afar by an orc wizard (8 damage)
             ... with a puff of flame
             ... on level 4 of the Dungeon.
             The game lasted 00:03:35 (1690 turns).

Lilu the Conjurer (Deep Elf Conjurer)               Turns: 1690, Time: 00:03:36

Health: -5/24      AC:  3    Str:  6    XL:     4   Next: 7%
Magic:  4/10       EV: 13    Int: 20    God:
Gold:   65         SH:  0    Dex: 15    Spells: 6/9 levels left

rFire    . . .     SeeInvis .   d - +0 short sword
rCold    . . .     Gourm    +   (no shield)
rNeg     . . .     Faith    .   a - +0 robe
rPois    .         Spirit   .   (no helmet)
rElec    .         Reflect  .   k - +0 cloak
rCorr    .         Harm     .   (no gloves)
MR       .....     Rnd*Tele +   (no boots)
Stlth    ++........             e - amulet of the gourmand
HPRegen  0.08/turn              h - ring of teleportation (curse)
MPRegen  0.12/turn              (no ring)

@: lethally poisoned (-5 -> -19)
A: no striking features
a: no special abilities


You were on level 4 of the Dungeon.
You were completely stuffed.

You visited 1 branch of the dungeon, and saw 4 of its levels.

You collected 65 gold pieces.

Inventory:

Hand Weapons
 d - a +0 short sword (weapon)
 m - a +0 hunting sling
Missiles
 j - 19 sling bullets
 n - 56 stones (quivered)
Armour
 a - a +0 robe (worn)
 k - a +0 cloak (worn)
Jewellery
 e - an amulet of the gourmand (around neck)
 h - a cursed ring of teleportation (left hand)
Scrolls
 f - a scroll of remove curse {unknown}
 g - a scroll of random uselessness {unknown}
 o - a scroll of fear {unknown}
 p - 2 scrolls of identify {unknown}
 q - a scroll of magic mapping {unknown}
 r - a scroll of teleportation {unknown}
 t - a scroll of blinking {unknown}
Potions
 b - a potion of flight {unknown}
 i - a potion of haste {unknown}
 s - a potion of agility
Comestibles
 c - 6 rations


   Skills:
 - Level 2.4 Dodging
 - Level 2.4 Stealth
 - Level 3.0 Spellcasting
 + Level 6.2 Conjurations


You had 6 spell levels left.
You knew the following spells:

 Your Spells              Type           Power        Failure   Level  Hunger
a - Magic Dart            Conj           ####         1%          1    None
b - Searing Ray           Conj           ####..       1%          2    ##.....

Your spell library contained the following spells:

 Spells                   Type           Power        Failure   Level  Hunger
 Iskenderun's Mystic Bla  Conj           ####....     11%         4    ####...
 Fulminant Prism          Conj/Hex       ###.......   36%         4    ####...
 Dazzling Spray           Conj/Hex       ###...       12%         3    ###....
 Force Lance              Conj/Tloc      ###.....     36%         4    ####...


Dungeon Overview and Level Annotations

Branches:
Dungeon (4/15)
 Temple: D:4-7

Altars:


Message History

A magic dart appears from out of thin air!
The magic dart hits you!
The searing ray hits the worker ant.
The worker ant is severely wounded.
You feel sick.
The worker ant bites you but does no damage.
Something hits you.
* * * LOW HITPOINT WARNING * * *
The searing ray hits the worker ant.
You kill the worker ant!
Your Conjurations skill increases to level 6!
You have reached level 4!
You feel clever.
You finish channeling your searing ray.
* * * LOW HITPOINT WARNING * * *
You feel sick.
You hear some strange, mumbled words.
A puff of flame appears from out of thin air!
The puff of flame hits you!
You die...

#### #...#
### ..... #
#........
#.##.#......
#...{.......
#@# #.# #.#
#.# #.. ...
###


There were no monsters in sight!

Vanquished Creatures
  A worker ant (D:4)
  An ooze (D:2)
  2 leopard geckos
  3 bats
  A giant cockroach (D:1)
  8 goblins
  6 hobgoblins
  2 jackals (D:2)
  2 ball pythons (D:1)
  4 kobolds
  12 rats
42 creatures vanquished.

Notes
Turn   | Place    | Note
-------+----------+-------------------------------------------
     0 | D:1      | Lilu the Deep Elf Conjurer began the quest for the Orb.
     0 | D:1      | Reached XP level 1. HP: 10/10 MP: 6/6
   146 | D:1      | Reached XP level 2. HP: 15/15 MP: 6/8
   190 | D:1      | Learned a level 2 spell: Searing Ray
   309 | D:1      | Reached skill level 5 in Conjurations
   946 | D:2      | Reached XP level 3. HP: 19/19 MP: 2/9
  1690 | D:4      | Reached skill level 6 in Conjurations
  1690 | D:4      | Reached XP level 4. HP: 4/24 MP: 5/10
  1690 | D:4      | Killed from afar by an orc wizard

Skill      XL: |  1  2  3 |
---------------+----------+-----
Conjurations   | 5 6 |  6.2
Dodging        | |  2.4
Stealth        | |  2.4
Spellcasting   | |  3.0

Action                   |  1- 3 |  4- 6 || total
-------------------------+-------+-------++-------
Melee: Short sword       |     5 |       ||     5
 Cast: Magic Dart        |    72 |       ||    72
       Searing Ray       |     1 |       ||     1
  Eat: Chunk             |    13 |       ||    13
Armor: Robe              |     7 |       ||     7
Dodge: Dodged            |    12 |       ||    12
